Cogmind - Beta 14 @@@ ROGUE MODE // 2024.11.15 @ 09:37:29 Player: Fangrelle Result: Destroyed by H-61 Shepherd with Heavy Assault Cannon Performance ------------- Evolutions (2) 1000 Regions Visited (5) 1000 Robots Destroyed (45) 225 Value Destroyed (1086) 1086 Prototype IDs (1) 20 Alien Tech Used (0) 0 Bonus (190) 190 TOTAL SCORE: 3521 Bonus ------- Follower Combat Kills 190 Cogmind --------- Core Integrity 0/550 Matter 160/300 Energy 117/250 System Corruption 0% Temperature Cool (0) Movement Core (100) Ox1 Location -8/Materials Parts ------- > --- POWER (1) -------- Ion Engine > --- PROPULSION (2) --- (None) > --- UTILITY (6) ------ (None) > --- WEAPON (2) ------- (None) > --- INVENTORY (5) ---- Flight Unit Trap Scanner Tractor Beam Mining Laser Peak State ------------ > --- POWER ------------ Improved Ion Engine > --- PROPULSION ------- Carbon-fiber Leg Carbon-fiber Leg > --- UTILITY ---------- Improved Heat Sink Improved Heat Sink Huge Storage Unit Trap Scanner Light Armor Plating Hardened Medium Armor Plating > --- WEAPON ----------- Heavy EM Shotgun Flak Cannon > --- INVENTORY -------- Ion Engine Ion Engine Improved Ion Engine Fission Core Light Treads Improved Treads Carbon-fiber Leg Improved Hover Unit Flight Unit Flight Unit High-capacity Storage Unit High-capacity Matter Pod Trap Scanner Transport Network Coupler Utility Shielding Tractor Beam Light Cannon Grenade Launcher Rocket Launcher Rocket Launcher Datajack Mining Laser [Rating: 32] Favorites ----------- Power Ion Engine Engine Ion Engine Propulsion Light Treads Treads Light Treads Leg Carbon-fiber Leg Wheel Wheel Hover Unit Improved Hover Unit Utility High-capacity Storage Unit Device Improved Heat Sink Storage High-capacity Storage Unit Protection Light Armor Plating Weapon Small Laser Energy Gun Small Laser Energy Cannon Heavy Particle Cannon Ballistic Cannon Flak Cannon Launcher Rocket Launcher Slashing Weapon Blade Saw Build | -11 -10 -10 -10 -9 -8 ------- Run | Yrd Mat Min Exi Min Mat Slots Evolved 4 | . . . . . 4 Power . | . . . . . . Propulsion . | . . . . . . Utility 4 | . . . . . 4 Weapon . | . . . . . . Parts Attached 50 | 2 7 5 . 2 34 Power 5 | . 1 . . 1 3 Engine 5 | . 1 . . 1 3 Core . | . . . . . . Reactor . | . . . . . . Propulsion 16 | 2 1 3 . 1 9 Treads 8 | 2 1 1 . 1 3 Leg 5 | . . . . . 5 Wheel 2 | . . 2 . . . Hover 1 | . . . . . 1 Flight . | . . . . . . Utility 10 | . 1 1 . . 8 Device 3 | . . 1 . . 2 Storage 2 | . 1 . . . 1 Processor . | . . . . . . Hackware . | . . . . . . Protection 5 | . . . . . 5 Artifact . | . . . . . . Weapon 19 | . 4 1 . . 14 Energy Gun 7 | . 4 1 . . 2 Energy Cannon 1 | . . . . . 1 Ballistic Gun . | . . . . . . Ballistic Cannon 4 | . . . . . 4 Launcher 5 | . . . . . 5 Special Weapon . | . . . . . . Impact Weapon . | . . . . . . Slashing Weapon 2 | . . . . . 2 Piercing Weapon . | . . . . . . Special Melee Weapon . | . . . . . . Unidentified Prototypes 1 | . . . . . 1 Parts Lost 29 | . 2 3 . . 24 Power 3 | . . . . . 3 Propulsion 8 | . 1 2 . . 5 Utility 7 | . . . . . 7 Weapon 11 | . 1 1 . . 9 Highest Loss Streak 16 | . 2 1 . . 16 To Critical Strikes . | . . . . . . Average Slot Usage (%) 83 | . 83 83 85 90 79 Engine 13 | . 14 14 14 14 8 Treads 14 | . 23 12 14 19 2 Leg 1 | . . . . . 12 Device 10 | . . 12 14 14 21 Storage 14 | . 16 14 14 14 8 Protection 1 | . . . . . 11 Energy Gun 24 | . 27 27 28 28 8 Peak Build Rating 32 | 6 7 9 10 14 32 Average Rating 10 | 6 5 8 9 11 24 On Entrance 8 | 6 6 5 9 10 14 Naked Turns 15 | . . . . . 15 Heaviest Build 112 | 13 54 48 48 50 112 Greatest Support 43 | 40 40 20 20 43 43 Greatest Overweight (x) 6 | . 2 4 2 2 6 Average Overweight (x) 1 | . . 2 2 1 2 Largest Inventory Capacity 25 | 8 20 20 20 20 25 Average Capacity 19 | 8 17 20 20 20 23 Most Carried 24 | 5 9 11 14 18 24 Average Carried 11 | 4 7 9 13 16 20 Final Capacity 20 | 8 20 20 20 20 5 Final Carried 18 | 3 9 11 14 18 4 Class Distribution -------------------- 97% | Mutant Dominant Class ---------------- Mutant | -10/Materials Mutant | -10/Mines Mutant | -10/Exiles Mutant | -9/Mines Mutant | -8/Materials Resources | -11 -10 -10 -10 -9 -8 ----------- Run | Yrd Mat Min Exi Min Mat Matter Collected 694 | 200 85 40 . 15 354 Remotely . | . . . . . . Salvage Created 1277 | . 668 117 . . 492 Parts 89 | . 41 8 . . 40 Haulers Intercepted 3 | . 2 . . . 1 Recyclers Shooed . | . . . . . . Parts Field Recycled . | . . . . . . Retrieved Matter . | . . . . . . Parts Self-Destructed . | . . . . . . Prevented . | . . . . . . Kills | -11 -10 -10 -10 -9 -8 ------- Run | Yrd Mat Min Exi Min Mat Combat Hostiles Destroyed 36 | . 15 5 . . 16 Guns 23 | . 14 5 . . 4 Cannons 6 | . . . . . 6 AOE 6 | . . . . . 6 Classes Destroyed 8 | . 5 . . . 3 Builder 1 | . . . . . 1 Hauler 3 | . 2 . . . 1 Operator 1 | . 1 . . . . Watcher 4 | . 3 . . . 1 Swarmer 14 | . 6 3 . . 5 Cutter 4 | . . . . . 4 Grunt 16 | . 9 2 . . 5 Sentry 2 | . . . . . 2 Best Kill Streak 4 | . 4 3 . . 4 Combat Bots Only 4 | . 3 3 . . 4 Max Kills in Single Turn 2 | . 1 1 . . 2 Gunslinging . | . . . . . . Exploded 2 | . . . . . 2 Melee . | . . . . . . Uniques/NPCs Destroyed . | . . . . . . Combat | -11 -10 -10 -10 -9 -8 -------- Run | Yrd Mat Min Exi Min Mat Hostile Shots Fired 252 | . 62 40 . . 150 Missed 69 | . 16 13 . . 40 Damage Taken 3303 | . 490 346 . . 2467 Core 814 | . 111 133 . . 570 Absorbed by Shields . | . . . . . . Redirected to Shielding 35 | . . . . . 35 Core Remaining (%) 51 | 100 . . . 2 . Volleys Fired 129 | . 66 22 . . 41 Largest 2 | . 2 2 . . 2 Hottest 94 | . 90 80 . . 94 Shots Fired 227 | . 131 29 . . 67 Gun 189 | . 131 29 . . 29 Cannon 24 | . . . . . 24 Launcher 14 | . . . . . 14 Special . | . . . . . . Kinetic 23 | . . . . . 23 Thermal 78 | . 49 28 . . 1 Explosive 14 | . . . . . 14 Electromagnetic 112 | . 82 1 . . 29 Robot Hit Streak 19 | . 6 19 . . 16 Robot Miss Streak 4 | . 4 2 . . 4 Penetration Max . | . . . . . . Secondary Targets . | . . . . . . Shots Hit Robots 140 | . 63 23 . . 54 Core Hits 89 | . 33 8 . . 48 Critical Kills . | . . . . . . Critical Parts Destroyed . | . . . . . . Critical Strikes 5 | . 5 . . . . Burn 4 | . 4 . . . . Corrupt 1 | . 1 . . . . Melee Attacks 2 | . . . . . 2 Impact . | . . . . . . Slashing 2 | . . . . . 2 Piercing . | . . . . . . Sneak Attacks . | . . . . . . Combat Hostiles . | . . . . . . Follow-up Attacks . | . . . . . . Damage Inflicted 2990 | . 889 261 . 6 1834 Guns 1628 | . 863 261 . . 504 Cannons 368 | . . . . . 368 Explosions 967 | . 26 . . . 941 Melee 18 | . . . . . 18 Ramming 9 | . . . . 6 3 Kinetic 368 | . . . . . 368 Thermal 925 | . 352 261 . . 312 Explosive 629 | . . . . . 629 Electromagnetic 1041 | . 537 . . . 504 Impact . | . . . . . . Slashing 18 | . . . . . 18 Piercing . | . . . . . . Highest Corruption . | . . . . . . Average Corruption . | . . . . . . Corruption Purged . | . . . . . . Corruption Blocked . | . . . . . . Overload Shots . | . . . . . . Overflow Damage 79 | . . . . . 79 Projectiles . | . . . . . . Explosions 79 | . . . . . 79 Melee . | . . . . . . Knockbacks 13 | . . . . . 13 Impact . | . . . . . . Kinetic 13 | . . . . . 13 Secondary . | . . . . . . Self-Inflicted Damage 128 | . . . . . 128 Shots 3 | . . . . . 3 Rammed 2 | . . . . 2 . Targets Rammed 3 | . . . . 2 1 Kicked 1 | . . . . . 1 Crushed . | . . . . . . Highest Temperature 279 | . 279 135 . . 22 Average Temperature 59 | . 60 64 . . 5 Received Heat Transfer 825 | . 204 189 . . 432 Siege Activations . | . . . . . . Robots Corrupted 1 | . 1 . . . . Combat Hostiles 1 | . 1 . . . . Parts Fried 3 | . 2 . . . 1 Impact Corruptions . | . . . . . . Robots Melted . | . . . . . . Combat Hostiles . | . . . . . . Parts Melted 2 | . . 1 . . 1 Heat Transferred 2223 | . 1273 600 . . 350 Parts Sabotaged . | . . . . . . Parts Stolen . | . . . . . . Parts Stripped . | . . . . . . Power Chain Reactions 5 | . 1 . . . 4 Alert | -11 -10 -10 -10 -9 -8 ------- Run | Yrd Mat Min Exi Min Mat Peak Influence 398 | . 280 140 . 106 398 Initial 50 | . . 50 . . 40 Average 90 | . 135 12 . 45 154 Maximum Alert Level 1 | . 1 . . . 1 Low Security (%) 82 | 100 77 100 . 100 56 Level 1 17 | . 22 . . . 43 Level 2 . | . . . . . . Level 3 . | . . . . . . Level 4 . | . . . . . . Level 5 . | . . . . . . High Security . | . . . . . . Max Security . | . . . . . . Squads Dispatched 12 | . 3 . . 1 8 Investigation 2 | . 2 . . . . Extermination . | . . . . . . Reinforcement 5 | . 1 . . . 4 Assault 1 | . . . . 1 . Garrison 4 | . . . . . 4 Intercept . | . . . . . . Searches Triggered . | . . . . . . Construction Impeded 1 | . . . . . 1 Haulers Reinforced . | . . . . . . Active Scanning Responses . | . . . . . . Cargo Convoy Interrupts . | . . . . . . Stealth | -11 -10 -10 -10 -9 -8 --------- Run | Yrd Mat Min Exi Min Mat Distress Signals 2 | . 1 . . . 1 Communications Jammed . | . . . . . . Distress Signals . | . . . . . . Times Spotted 64 | . 29 5 . 4 26 Peak Tracking Total 4 | . 4 3 . 3 4 Tactical Retreats 6 | . 4 . . 1 1 Traps | -11 -10 -10 -10 -9 -8 ------- Run | Yrd Mat Min Exi Min Mat Traps Triggered 1 | . 1 . . . . Indirectly . | . . . . . . Trap Hack Attempts . | . . . . . . Triggered . | . . . . . . Disarmed . | . . . . . . Reprogrammed . | . . . . . . Reused . | . . . . . . Traps Extracted . | . . . . . . Installed . | . . . . . . Triggered 1 | . 1 . . . . Machines | -11 -10 -10 -10 -9 -8 ---------- Run | Yrd Mat Min Exi Min Mat Machines Disabled 4 | . 2 . . . 2 Max in Single Turn 1 | . 1 . . . 1 Machines Repaired . | . . . . . . Machines Dismantled . | . . . . . . Machines Sabotaged . | . . . . . . Overloaded Fab Kills . | . . . . . . Hacking | -11 -10 -10 -10 -9 -8 --------- Run | Yrd Mat Min Exi Min Mat Machines Accessed 11 | . 9 1 1 . . Terminals 8 | . 7 1 . . . Fabricators . | . . . . . . Repair Stations . | . . . . . . Recycling Units 2 | . 2 . . . . Scanalyzers . | . . . . . . Garrison Access . | . . . . . . Total Hacks 31 | . 28 2 1 . . Successful 17 | . 15 1 1 . . Failed 14 | . 13 1 . . . Catastrophic 1 | . 1 . . . . Database Lockouts . | . . . . . . Manual 25 | . 25 . . . . Terminals 23 | . 21 2 . . . Fabricators . | . . . . . . Repair Stations . | . . . . . . Recycling Units 7 | . 7 . . . . Scanalyzers . | . . . . . . Garrison Access . | . . . . . . Terminal Hacks 2 | . . 1 1 . . Record 1 | . . . 1 . . Zone Layout 1 | . . 1 . . . Fabricator Hacks . | . . . . . . Repair Station Hacks . | . . . . . . Recycling Unit Hacks 2 | . 2 . . . . Report Inventory 1 | . 1 . . . . Retrieve Components 1 | . 1 . . . . Scanalyzer . | . . . . . . Garrison Access Hacks . | . . . . . . Unauthorized Hacks 13 | . 13 . . . . Terminals 10 | . 10 . . . . Assimilate 2 | . 2 . . . . Botnet 7 | . 7 . . . . Operators 1 | . 1 . . . . Fabricators . | . . . . . . Repair Stations . | . . . . . . Recycling Units 3 | . 3 . . . . Monitor 1 | . 1 . . . . Tunnel 2 | . 2 . . . . Scanalyzers . | . . . . . . Garrison Access . | . . . . . . Data Cores Recovered . | . . . . . . Used . | . . . . . . Hacking Detections 9 | . 8 1 . . . Full Trace Events . | . . . . . . Feedback Events . | . . . . . . Feedback Blocked . | . . . . . . Robot Schematics Acquired . | . . . . . . Robots Built . | . . . . . . Authchips . | . . . . . . Time . | . . . . . . Total Robot Build Rating . | . . . . . . Part Schematics Acquired . | . . . . . . Parts Built . | . . . . . . Authchips . | . . . . . . Time . | . . . . . . Total Part Build Rating . | . . . . . . Parts Repaired . | . . . . . . Time . | . . . . . . Parts Recycled . | . . . . . . Recycled Matter . | . . . . . . Retrieved Matter . | . . . . . . Retrieved Components 9 | . 9 . . . . Parts Scanalyzed . | . . . . . . Part Schematics Acquired . | . . . . . . Parts Damaged . | . . . . . . Bothacking | -11 -10 -10 -10 -9 -8 ------------ Run | Yrd Mat Min Exi Min Mat Used RIF Installer . | . . . . . . Robots Hacked . | . . . . . . Non-combat . | . . . . . . Combat . | . . . . . . Robot Hacks Applied . | . . . . . . Relay Couplers Released . | . . . . . . Fabnet Peak Effective % . | . . . . . . Robots Rewired . | . . . . . . Allies Hacked . | . . . . . . Hacks Repelled . | . . . . . . Allies | -11 -10 -10 -10 -9 -8 -------- Run | Yrd Mat Min Exi Min Mat Total Allies 5 | . 1 3 . 1 . Largest Group 4 | . 1 3 3 4 3 Highest-Rated Group 71 | . 10 40 40 71 55 Highest-Rated Ally 31 | . 10 16 16 31 31 Total Orders 1 | . 1 . . . . STAY 1 | . 1 . . . . Ally Attacks 34 | . . . . 18 16 Total Damage 409 | . . . . 276 133 Kills 6 | . . . . 4 2 Allies Corrupted . | . . . . . . Allies Melted 1 | . . . . . 1 Intel | -11 -10 -10 -10 -9 -8 ------- Run | Yrd Mat Min Exi Min Mat Robot Analysis Total . | . . . . . . Derelict Logs Recovered 4 | . . 3 . 1 . Drone Launches . | . . . . . . Drone Recoveries . | . . . . . . Exploration | -11 -10 -10 -10 -9 -8 ------------- Run | Yrd Mat Min Exi Min Mat Turns Passed 6952 | 5 2269 2062 1379 163 1074 Spaces Moved 2338 | 1 853 693 431 54 306 Core 34 | . . . . . 34 Treads 1944 | 1 853 562 431 54 43 Legs 229 | . . . . . 229 Wheels 131 | . . 131 . . . Hover . | . . . . . . Flight . | . . . . . . Fastest Speed 50 | 160 160 110 320 240 50 Average Speed 274 | 160 238 285 320 280 287 Slowest Speed 540 | 160 320 320 320 320 540 Overloaded Moves . | . . . . . . Propulsion Burnouts . | . . . . . . Robots Hopped . | . . . . . . Cave-ins Triggered . | . . . . . . Exploration Rate (%) 54 | 2 97 100 90 19 21 Regions Visited 5 Branch Regions 3 Pre-discovered Areas 4 | . 2 2 . . . Known Exits Taken . | . . . . . . Unknown Exits Taken 5 | 1 1 1 1 1 . Scrap Searched 2 | . . 1 . 1 . Spaces Dug . | . . . . . . Terrain Destroyed 119 | . 2 . . . 117 Melee . | . . . . . . Projectile 1 | . . . . . 1 AOE 118 | . 2 . . . 116 Terrain Rammed . | . . . . . . Walls Destroyed . | . . . . . . Machines Disabled . | . . . . . . Actions | -11 -10 -10 -10 -9 -8 --------- Run | Yrd Mat Min Exi Min Mat Total 2621 | 5 953 746 433 61 423 Wait 61 | . 17 22 . 1 21 Move 2333 | . 852 692 430 53 306 Hop . | . . . . . . Pick Up 25 | . 7 5 3 3 7 Fast Attach 15 | . 5 1 . 1 8 Attach 22 | . 1 3 . . 18 Detach 3 | . . . . . 3 Swap 13 | 2 1 1 . 1 8 Drop 15 | 3 4 . . . 8 Fire 129 | . 66 22 . . 41 Melee 2 | . . . . . 2 Ram . | . . . . . . Kick 1 | . . . . . 1 Crush 2 | . . . . 2 . Escape Stasis . | . . . . . . Rewire . | . . . . . . Trap . | . . . . . . Miscellaneous . | . . . . . . Route ------- -11/Scrapyard -10/Materials (discovered 4 exits: [*Mat x3] / *Min) -10/Mines (discovered 4 exits: [*Mat x2] / *Exi / [*Sub]) -10/Exiles -9/Mines -8/Materials (discovered 2 exits: Fac / [*Sto]) History --------- Turn | Location | Event 6 | -11/Scrapyard | Discovered new exit (range 0) 6 | -11/Scrapyard | Entered Materials 125 | -10/Materials | Discovered new exit (range 5) 302 | -10/Materials | Build established: Mutant 745 | -10/Materials | Discovered new exit (range 9) 1139 | -10/Materials | Discovered new exit (range 8) 1363 | -10/Materials | Discovered new exit (range 4) 2275 | -10/Materials | Entered Mines 2428 | -10/Mines | Core integrity fell below 50% 2442 | -10/Mines | Core integrity fell below 20% 2522 | -10/Mines | Learned location of Zion (-6) 2591 | -10/Mines | Discovered new exit (range 5) 3134 | -10/Mines | Learned 2 Materials zone layouts 3547 | -10/Mines | Assisted by bots powering up and referring to "LRC-V3" 3703 | -10/Mines | Deemed a non-threat by the Exiles lab entrance 3703 | -10/Mines | Discovered new exit (range 5) 3796 | -10/Mines | Learned location of Storage (-8) 3819 | -10/Mines | Discovered new exit (range 7) 4078 | -10/Mines | Discovered new exit (range 11) 4171 | -10/Mines | YI-UF0 nonchalantly dropped a Grenade Launcher on the ground 4337 | -10/Mines | Entered Exiles 4337 | -10/Exiles | Found Exiles lab abandoned 4337 | -10/Exiles | Accompanied by 3 allies 5681 | -10/Exiles | Discovered new exit (range 11) 5716 | -10/Exiles | Entered Mines 5716 | -9/Mines | Accompanied by 3 allies 5717 | -9/Mines | Met a Derelict testing a Signal Generator 5761 | -9/Mines | Found DCF Scrap (13 items) 5826 | -9/Mines | Discovered new exit (range 15) 5843 | -9/Mines | Learned 4 Materials zone layouts 5879 | -9/Mines | Entered Materials 5879 | -8/Materials | Accompanied by 3 allies 5879 | -8/Materials | Evolved 4 slots: Utility x4 5879 | -8/Materials | Discovered new exit (range 6) 5880 | -8/Materials | Identified exit to Factory 5971 | -8/Materials | Lost 3 allies 6298 | -8/Materials | Garrison activated, responded to threat 6657 | -8/Materials | Lost 5 parts (1p2n2u) 6765 | -8/Materials | Garrison activated, responded to threat 6803 | -8/Materials | Lost 3 parts (1u2w) 6915 | -8/Materials | Core integrity fell below 50% 6948 | -8/Materials | Core integrity fell below 20% 6953 | -8/Materials | Destroyed by H-61 Shepherd with Heavy Assault Cannon Last Messages --------------- 06928_ Dropped Huge Storage Unit. 06929_ Dropped Imp. Hover Unit. 06929_ Slug penetrates Wall. 06931_ U-05 Engineer builds a Door. 06938_ U-05 Engineer lays Concrete. 06938_ Penetrated by Slug. 06939_ U-05 Engineer builds a Wall. 06943_ Penetrated by Slug. 06943_ U-05 Engineer builds a Wall. 06944_ U-05 Engineer lays Concrete. 06944_ Acquired Hvy. Particle Cannon. 06945_ U-05 Engineer lays Concrete. 06946_ U-05 Engineer destroyed. 06946_ U-05 Engineer lays Concrete. 06947_ The unstable cave ceiling collapses. 06947_ U-05 Engineer lays Concrete. 06947_ Hvy. Particle Cannon blasted off. 06948_ U-05 Engineer lays Concrete. 06950_ Penetrated by Slug. 06950_ U-05 Engineer lays Concrete. Map ----- +----------------------------------------------------+ | ????????????????????????????? | | ????????????????????????????? | | ????????????????????????????? | | ????????????????????????????? | | ????????????????????????????? | | ????????????????????????????? | | ????????????????????????????? | | ????????????????????????????? | | ????????????????????????????? | | ?????????????? ?????????????? | | ?????????????? #??##????????? | | ?????????????? ? ????????? | | ?????????????? #####???? | | ?????????????? # ?? | | ?????????????? ? # """#? | | ?????????????? ?? # """#? | | ?????????????# ?? + """#? | | ?????????????# #??# # #? | | ?????#########+#??# # #? | | ?????# #### ## ## | | ?????# ## # # # | | ?# ??# # # | | ?# # u!; # # | | ## + %h=%= # | | # =%u*;H % # | | # /!! "# u @ # | | " =! ! "#* # | | ############;;;; % ## ###### | | ???????????### ### # ##????? | | ?????????????# #?######?????? | | ?????????????# #????????????? | | ?????????????# #????????????? | | ?????????????# #????????????? | | ?????????????# #????????????? | | ?????????????# #######??????? | | ??????????#### ### """"?????? | | ?????????## # ### """"""" ?? | | ?????????# # # ### """"""" #? | | ?????????# # """"""" #? | | ?????????# """"""" #? | | ?????????# % + #? | | ?????????### # ! ! #? | | ??????????## # #? | | ?????????# ## ###########? | | ????######### # #??? | | ????# "# / """""???? | | ????# "# #= """""???? | | ????# " " "#= # """""???? | | ????# "G" ## [ # """""???? | | ????# " "# # """"???? | +----------------------------------------------------+ Best States ------------- Heat Dissipation 59 Energy Generation 12 Energy Capacity 265 Matter Stores 300 Matter Capacity 300 Sight Range 16 Terrain Scan Density 10 Armor Coverage 375 Utility Shielding 33 Evasion (%) 50 Recoil Reduction 2 Item Schematics ----------------- None Robot Schematics ------------------ None Fabricated ------------ Nothing Alien Tech Used ----------------- None Achievements -------------- None Challenges ------------ None Game ------ Seed HypervelocityCombatChip Manual? 0 Play Time 00:24:23 Cumulative 80.3 hours Start 2024.11.15 @ 09:15:15 End 2024.11.15 @ 09:37:29 Sessions 1 Manual Loads 0 Difficulty Rogue Special Mode None Game No. 139 Rogue 139 Adventurer 0 Explorer 0 Win Type - Total 0 Types 0/0/0/0/0/0/0/0/0 Lore% 41 Gallery% 36 Achievement% 34 Wizard Run 0 Options --------- Layout 0 ASCII 0 Keyboard 0 Movement Mouse Keybinds 0 Fullscreen 1 Font 24/Smallcaps Map View 91x25 Zoom Use 91% Tactical HUD 1 Map Filters NONE Filters NONE Steam 1 RUN: dc504ff2-c219-489a-9ffd-5573a0e23e15